 Dungeon Crawl Stone Soup version 0.25-a0-86-ga6f17ae (webtiles) character file.

Game seed: 7815854380013653851, levelgen mode: deterministic

98 sauceror the Caller (level 4, 18/18 HPs)
             Began as a Felid Summoner on Nov 10, 2019.
             Was an Initiate of Sif Muna.
             Quit the game on level 2 of the Dungeon.
             The game lasted 00:15:08 (6186 turns).

sauceror the Caller (Felid Summoner)                Turns: 6186, Time: 00:15:09

Health: 18/18      AC:  4    Str:  4    XL:     4   Next: 43%
Magic:  9/9        EV: 19    Int: 18    God:    Sif Muna [......]
Gold:   273        SH:  0    Dex: 16    Spells: 0/9 levels left
                                        Lives:  0   Deaths: 1

rFire    . . .     SeeInvis +   (weapon unavailable)
rCold    . . .     Gourm    .   (shield unavailable)
rNeg     . . .     Faith    .   (armour unavailable)
rPois    .         Spirit   .   (helmet unavailable)
rElec    .         Reflect  .   (cloak unavailable)
rCorr    .         Harm     .   (gloves unavailable)
MR       .....                  (boots unavailable)
Stlth    ++........             (no amulet)
HPRegen  0.06/turn              a - +3 ring of protection
MPRegen  0.11/turn              o - ring of attention (curse)

@: quick
A: very small, no armour, no weapons or thrown items, stealth, claws 1, fangs 3,
see invisible, carnivore, speed 1, shaggy fur 1, slow metabolism 1, sharp paws
a: Renounce Religion


You were on level 2 of the Dungeon.
You worshipped Sif Muna.
Sif Muna was noncommittal.
You were not hungry.

You visited 2 branches of the dungeon, and saw 6 of its levels.

You collected 273 gold pieces.

Inventory:

Jewellery
 a - a +3 ring of protection (left paw)
 o - a cursed ring of attention (right paw)
 p - a cursed ring of ice
 q - an uncursed amulet of harm
Wands
 u - a wand of paralysis (5)
Scrolls
 c - 2 scrolls of fog {unknown}
 f - a scroll of immolation {unknown}
 g - 2 scrolls of remove curse
 h - 3 scrolls of identify
 i - a scroll of magic mapping {unknown}
 j - 2 scrolls of fear {unknown}
 l - 2 scrolls of teleportation {unknown}
 n - 2 scrolls of noise {unknown}
 s - a scroll of blinking {unknown}
Potions
 d - 2 potions of curing {unknown}
 e - 3 potions of might {unknown}
 k - a potion of mutation {unknown}
 m - a potion of heal wounds {unknown}
 r - a potion of flight {unknown}
Comestibles
 b - 7 rations
 t - a chunk of flesh


   Skills:
 + Level 0.0 Fighting
 - Level 3.6 Dodging
 - Level 2.6 Stealth
 + Level 3.2 Spellcasting
 * Level 5.7 Summonings


You couldn't memorise any spells.
You knew the following spells:

 Your Spells              Type           Power        Failure   Level  Hunger
a - Summon Small Mammal   Summ           ###.         1%          1    None
b - Call Imp              Summ           ###.....     2%          2    ##.....
c - Call Canine Familiar  Summ           ###.....     4%          3    ###....
d - Summon Lightning Spi  Summ/Air       ##......     43%         4    ####...

Your spell library contained the following spells:

 Spells                   Type           Power        Failure   Level  Hunger
 Summon Guardian Golem    Hex/Summ       ##......     14%         3    ###....
 Magic Dart               Conj           #...         16%         1    None
 Blink                    Tloc           N/A          24%         2    ##.....
 Slow                     Hex            #.......     24%         2    ##.....
 Conjure Flame            Conj/Fire      #.......     43%         3    ###....
 Mephitic Cloud           Conj/Pois/Air  #.......     43%         3    ###....
 Summon Ice Beast         Ice/Summ       ##......     43%         4    ####...


Dungeon Overview and Level Annotations

Branches:
Dungeon (5/15)             Temple (1/1) D:4

Altars:
Cheibriados
Dithmenos
Elyvilon
Fedhas
Gozag
Hepliaklqana
Kikubaaqudgha
Nemelex Xobeh
Okawaru
Ru
Sif Muna
Trog
Uskayaw
Vehumet
Wu Jian
Xom
Yredelemnul
Zin
The Shining One

Annotations:
D:2 Sigmund
D:3 2 transporters, peepeehead's ghost, amateur MiBe


Innate Abilities, Weirdness & Mutations

You cannot wear armour.
You are incapable of wielding weapons or throwing items.
Your paws allow you to move quietly. (Stealth)
You have sharp claws.
You have razor-sharp teeth.
You have supernaturally acute eyesight. (SInv)
You are carnivorous and can eat meat at any time.
You cover ground quickly.
You are covered in fur. (AC +1)
You have a slow metabolism.
Your sharp claws are effective at attacking unaware monsters.


Message History

Sigmund screams, "Only death can liberate you!"
Sigmund barely misses your hound.
Your hound bites Sigmund.
Your hound bites Sigmund.
Sigmund closely misses your hound.
Your lightning spire disappears in a puff of smoke!
Your hound misses Sigmund.
Your hound closely misses Sigmund.
Unknown command.
Your hound misses Sigmund.
Sigmund hits your hound with a +0 scythe.
Your hound bites Sigmund.
Your hound closely misses Sigmund.
Sigmund casts a spell at you. The magic dart hits you!
You die...
Your hound bites Sigmund but does no damage.
You are now level 4!
You rejoin the land of the living...
Unknown command.
You can't grasp things well enough to throw them.
You can't grasp things well enough to throw them.
Are you sure you want to abandon this character and quit the game? (Confirm with "yes".)

#..##.# #.# ...##.# #.#
...##.# #.# ...##.# #.#
...##.# #.# ...##.# #.#
5..##.# #.######
...##.########.#....#
...##...........@.#.#
...###########.#..#.# ...#
#............#.#
...###.#######.##.#.########
.....ยง.# #.............#
..###############.#.#####.##
.)'..........h....#.#
..#################.# ..#
#.........# #.#


There were no monsters in sight!

Vanquished Creatures
  An adder (D:4)
  A dart slug (D:2)
  2 orcs (D:3)
  A ball python (D:3)
  4 giant cockroaches
  3 goblins
  2 hobgoblins
  4 kobolds
  2 bats (D:1)
  3 frilled lizards
  5 rats
28 creatures vanquished.

Vanquished Creatures (collateral kills)
  2 orc wizards
  An orc priest (D:3)
  Terence (D:3)
  3 worker ants (D:4)
  4 adders
  4 dart slugs
  8 orcs
  A bat (D:3)
  2 goblins
  6 hobgoblins
  4 jackals
  3 kobolds
  3 quokkas
  2 ball pythons
  2 frilled lizards
  2 rats
48 creatures vanquished.

Grand Total: 76 creatures vanquished

Notes
Turn   | Place    | Note
-------+----------+-------------------------------------------
     0 | D:1      | sauceror the Felid Summoner began the quest for the Orb.
     0 | D:1      | Reached XP level 1. HP: 7/7 MP: 4/4
   536 | D:1      | Reached XP level 2. HP: 11/11 MP: 6/6
   559 | D:1      | Learned a level 2 spell: Call Imp
  1469 | D:2      | Reached XP level 3. HP: 13/14 MP: 0/7
  2266 | D:2      | Reached skill level 5 in Summonings
  2502 | D:2      | Learned a level 3 spell: Call Canine Familiar
  2730 | D:2      | Noticed Sigmund
  3860 | D:3      | Noticed Terence
  3869 | D:3      | Killed Terence
  3869 | D:3      | Reached XP level 4. HP: 17/18 MP: 2/9
  3951 | D:3      | Found a transporter.
  3960 | D:3      | Noticed peepeehead's ghost (amateur MiBe)
  3966 | D:3      | Found a transporter.
  4600 | D:4      | Reached XP level 5. HP: 21/21 MP: 3/10
  4662 | D:4      | Learned a level 4 spell: Summon Lightning Spire
  5397 | D:4      | Found a basalt altar of Yredelemnul.
  5427 | D:4      | Found a bloodstained altar of Trog.
  5567 | D:4      | Found a staircase to the Ecumenical Temple.
  5641 | D:4      | Found a radiant altar of Vehumet.
  5668 | Temple   | Entered the Ecumenical Temple
  5788 | Temple   | Became a worshipper of Sif Muna the Loreminder
  5928 | D:5      | Entered Level 5 of the Dungeon
  5928 | D:5      | Noticed a centaur
  6185 | D:2      | Killed from afar by Sigmund
  6186 | D:2      | Reached XP level 4. HP: -1/18 MP: 6/9
  6186 | D:2      | Quit the game

Levels and vault maps discovered:
D:1:      scummos_arrival_checkerplants, layout_loops_ring
D:2:      layout_basic, minmay_tetromino_l4, uniq_sigmund
D:3:      layout_basic, gammafunk_ghost_stat_death, uniq_terence
D:4:      layout_rooms, kennysheep_mini_moat, lemuel_doored_altar,
          yredelemnul_altar_generic, minmay_temple_entry_statues_pillars,
          first_ration
D:5:      layout_basic, old_standard_altar, serial_rivers,
          chequers_serial_rivers_micro_d, chequers_serial_rivers_small_3,
          chequers_serial_rivers_micro_a, chequers_serial_rivers_marsh,
          chequers_serial_rivers_room_a, st_stairs_4, hangedman_decor_growths,
          kennysheep_nondescript, chequers_serial_rivers_micro_e
Temple:   minmay_temple_bridge_d

Skill      XL: |  1  2  3  4 |
---------------+-------------+-----
Summonings     | 5 |  5.7
Dodging        | 3 |  3.6
Spellcasting   | 3 |  3.2
Stealth        | |  2.6

Action                   |  1- 3 |  4- 6 || total
-------------------------+-------+-------++-------
Melee: Unarmed           |   120 |    56 ||   176
       Bite              |    10 |     4 ||    14
 Cast: Summon Small Mamm |    17 |       ||    17
       Call Imp          |    25 |    10 ||    35
       Call Canine Famil |     7 |    14 ||    21
       Summon Lightning  |       |     1 ||     1
  Use: Scroll            |       |     3 ||     3
 Stab: Sleeping          |     7 |     2 ||     9
  Eat: Chunk             |    13 |     9 ||    22
Armor: Skin              |     8 |     5 ||    13
Dodge: Dodged            |   120 |    49 ||   169

Table legend:
 A = Non-vault XP
 B = Vault XP
 C = Vault XP percentage of total XP
 D = Non-vault monster count
 E = Vault monster count
 F = Vault count percentage of total count
                 A         B        C        D         E       F
            +---------+---------+-------+---------+---------+-------
      Total |     247 |      29 |  10.5 |      72 |       4 |   5.3
            +---------+---------+-------+---------+---------+-------
        D:1 |      41 |       8 |  16.3 |      26 |       1 |   3.7
        D:2 |      37 |       3 |   7.5 |      17 |       2 |  10.5
        D:3 |      71 |      18 |  20.2 |      17 |       1 |   5.6
        D:4 |      98 |       0 |   0.0 |      12 |       0 |   0.0
            +---------+---------+-------+---------+---------+-------
